 Dungeon Crawl Stone Soup version 0.30.1-4-g462c640d31 (webtiles) character file.

Game seed: 1596940136064588690

16881 croobank the Covert (level 12, -13/163 HPs)
             Began as an Armataur Brigand on Aug 24, 2023.
             Was a Priest of Trog.
             Killed from afar by a deep elf pyromancer (19 damage)
             ... with a bolt of fire
             ... on level 12 of the Dungeon on Aug 25, 2023.
             The game lasted 00:51:46 (15742 turns).

croobank the Covert (Armataur Brigand)             Turns: 15742, Time: 00:51:46

Health: -13/163    AC: 13    Str: 22      XL:     12   Next: 14%
Magic:  12/12      EV: 13    Int:  9 (10) God:    Trog [***...]
Gold:   617        SH:  0    Dex: 21      Spells: 11/11 levels left

rFire   . . .        x - +2 short sword (venom)
rCold   . . .        (no shield)
rNeg    . . .        f - +2 ring mail
rPois   .            (no helmet)
rElec   .            c - +2 cloak
rCorr   .            (no gloves)
SInv    .            (no barding)
Will    +++..        k - amulet of faith Stlth
                     u - +6 ring of dexterity
HPRegen 1.47/turn    G - ring of willpower
MPRegen 0.13/turn

%: clarity, roll, faith
@: berserking, strong-willed, regenerating, very quick
A: large, rugged brown scales 3, deformed body, armoured tail, roll, long
tongue, awkward tongue, iridescent scales 1, clarity, deterioration 1, strong 1,
wild magic 1
a: Renounce Religion, Berserk, Trog's Hand


You were on level 12 of the Dungeon.
You worshipped Trog.
Trog was most pleased with you.
You visited 1 branch of the dungeon, and saw 12 of its levels.

You collected 617 gold pieces.

Inventory:

Hand Weapons
 a - a +2 dagger of freezing
 g - a +0 dagger of draining
 h - a +2 morningstar of protection
 o - a +2 falchion of holy wrath
 x - a +2 short sword of venom (weapon)
 B - a +4 dagger of distortion
 D - a +0 morningstar of draining
Missiles
 b - 2 atropa-tipped darts
 d - 36 poisoned darts
 e - 4 curare-tipped darts
 j - 17 boomerangs
 r - 3 javelins
 J - 14 silver boomerangs (quivered)
Armour
 c - a +2 cloak (worn)
 f - a +2 ring mail (worn)
 E - +0 acid dragon scales
Jewellery
 k - an amulet of faith (around neck)
 u - a +6 ring of dexterity (left hand)
 w - a ring of positive energy
 G - a ring of willpower (right hand)
Wands
 i - a wand of mindburst (3)
 y - a wand of roots (6)
 F - a wand of charming (5)
 H - a wand of polymorph (6)
Scrolls
 l - a scroll of silence
 m - 3 scrolls of immolation
 n - 2 scrolls of identify
 p - a scroll of fog
 q - 2 scrolls of teleportation
 I - a scroll of brand weapon
Potions
 s - 2 potions of ambrosia
 t - a potion of cancellation
 v - a potion of mutation
 z - 2 potions of attraction
 A - 3 potions of brilliance


   Skills:
 + Level 8.2 Fighting
 + Level 8.3 Short Blades
 + Level 8.3 Throwing
 - Level 5.0 Armour
 + Level 6.7 Dodging
 + Level 11.5 Stealth


You had 11 spell levels left.
You didn't know any spells.
Your spell library contained the following spells:

 Spells                   Type           Power      Damage    Failure   Level
 Beastly Appendage        Tmut           0%         N/A       63%         1
 Magic Dart               Conj           0%         1d3       63%         1
 Blink                    Tloc           0%         N/A       75%         2
 Call Imp                 Summ           0%         N/A       75%         2
 Ensorcelled Hibernation  Hex/Ice        0%         N/A       75%         2
 Wereblood                Tmut           0%         N/A       75%         2
 Gell's Gravitas          Tloc           0%         N/A       92%         3
 Inner Flame              Hex/Fire       0%         N/A       92%         3
 Mephitic Cloud           Conj/Pois/Air  0%         N/A       92%         3
 Spider Form              Tmut/Pois      0%         N/A       92%         3
 Teleport Other           Tloc           0%         N/A       92%         3
 Leda's Liquefaction      Hex/Erth       0%         N/A       100%        4
 Manifold Assault         Tloc           0%         N/A       100%        4
 Silence                  Hex/Air        0%         N/A       100%        5
 Yara's Violent Unravell  Hex/Tmut       0%         3d3       100%        5
 Dispersal                Tloc           0%         N/A       100%        6
 Enfeeble                 Hex            0%         N/A       100%        7
 Storm Form               Tmut/Air       0%         N/A       100%        7
 Disjunction              Tloc           0%         N/A       100%        8
 Chain Lightning          Conj/Air       0%         N/A       100%        9
 Fire Storm               Conj/Fire      0%         5d1       100%        9
 Shatter                  Erth           0%         3d5*      100%        9


Dungeon Overview and Level Annotations

Branches:
Dungeon (12/15)            Temple (0/1) D:7            Lair (0/5) D:10
    Orc (0/2) D:10

Altars:
Ashenzari
Cheibriados
Dithmenos
Elyvilon
Fedhas
Gozag
Hepliaklqana
Kikubaaqudgha
Makhleb
Nemelex Xobeh
Okawaru
Qazlal
Ru
Sif Muna
Trog
Uskayaw
Vehumet
Wu Jian
Xom
Yredelemnul
Zin
The Shining One

Shops:
D:1 :   D:4 [

Annotations:
D:6 2 transporters
D:7 2 transporters, 1 runed translucent door, Esekla's ghost, novice DENe


Innate Abilities, Weirdness & Mutations

You are completely covered in rugged brown scales. (AC +3, +7% HP)
Armour fits poorly on your strangely shaped body.
You have a long armoured tail.
You roll when moving toward enemies. (Rampage)
Your long tongue fully drains potion bottles. (2x potion effects)
Your tongue gives you trouble enunciating. (1.5x scroll delay)
You are partially covered in iridescent scales. (AC +2)
You possess an exceptional clarity of mind.
Your body sometimes deteriorates upon taking damage.
Your muscles are strong. (Str +4, Int/Dex -1)
Your spells are a little harder to cast, but a little more powerful.


Message History

Okay, then.
Okay, then.
Your skin crawls.
You feel strong-willed. The yak gores you!
* * * LOW HITPOINT WARNING * * *
A red film seems to cover your vision as you go berserk!
You feel yourself moving faster!
You feel mighty! The yak gores you but does no damage.
You puncture the yak!
The yak looks as sick as possible!
You tail-slap the yak!
You kill the yak!
Trog accepts your kill.
You roll towards the fire elemental!
You barely miss the fire elemental. The fire elemental hits you.
The fire elemental burns you!
* * * LOW HITPOINT WARNING * * *
You hit the fire elemental.
The fire elemental is lightly damaged.
The troll bites you but does no damage. The troll claws you.
* * * LOW HITPOINT WARNING * * *
The troll claws you but does no damage.
You puncture the troll!
The troll looks as sick as possible!
You tail-slap the troll!
The troll is heavily wounded.
The fire elemental hits you. The fire elemental burns you!
* * * LOW HITPOINT WARNING * * *
You hit the troll.
The troll looks as sick as possible!
The troll is heavily wounded.
The troll completely misses you. The troll claws you but does no damage.
The troll barely misses you.
You hit the troll.
The troll looks as sick as possible!
Your tail-slap misses the troll.
The troll is severely wounded.
The fire elemental hits you. The fire elemental burns you!
* * * LOW HITPOINT WARNING * * *
The deep elf pyromancer casts a spell at you.
The bolt of fire hits the fire elemental.
The fire elemental completely resists.
The bolt of fire hits the fire elemental.
The fire elemental completely resists.
The bolt of fire hits you!!
You die...

....########.#
.............#
.............#
.............#
.............#
.............#
.............#
.............######.####
........^......@†EEe....
#.#########.#####TE.....
#.# °...... #.# .......
#.# ....... #.# .......
#.# ....... #.# .......
#.#


You could see a deep elf pyromancer, a troll (extremely poisoned) and 3 fire
elementals.

Vanquished Creatures
  Snorg (D:11)
  Josephine (D:10)
  2 boulder beetles
  2 two-headed ogres
  Pikel (D:5)
  An ugly thing (D:12)
  A manticore (D:12)
  Joseph (D:7)
  A kobold demonologist (D:12)
  2 unseen horrors
  Maggie (D:10)
  Psyche (D:9)
  3 trolls
  A hornet (D:10)
  A vampire (D:10)
  5 wraiths
  21 yaks
  A wyvern (D:9)
  4 vampire mosquitoes (D:11)
  Menkaure (D:7)
  2 steam dragons
  An acid dragon (D:12)
  7 orc warriors
  An ice beast (D:6)
  4 black bears
  4 ogres
  9 centaurs
  A gnoll sergeant (D:10)
  7 kobold brigands
  3 scorpions
  5 killer bees (D:9)
  3 howler monkeys
  2 jellies
  3 hounds
  A gnoll bouda (D:10)
  5 orc priests
  4 iguanas
  2 sleepcaps
  7 orc wizards
  11 gnolls
  9 adders
  A shadow imp (D:7)
  A white imp (D:6)
  2 worms (D:2)
  3 dart slugs (D:3)
  35 orcs
  11 endoplasms
  3 giant cockroaches
  5 goblins
  7 hobgoblins
  5 jackals (D:2)
  4 quokkas
  8 ball pythons
  6 bats
  4 frilled lizards
  27 kobolds
  7 rats
272 creatures vanquished.

Vanquished Creatures (collateral kills)
  2 dream sheep (D:10)
2 creatures vanquished.

Vanquished Creatures (others)
  A kobold (D:4)
1 creature vanquished.

Grand Total: 275 creatures vanquished

Notes
Turn   | Place    | Note
-------+----------+-------------------------------------------
     0 | D:1      | croobank the Armataur Brigand began the quest for the Orb.
     0 | D:1      | Reached XP level 1. HP: 18/18 MP: 1/1
   260 | D:1      | Found a faded altar of an unknown god.
   452 | D:1      | Found Beeseeso's Book Shoppe.
   816 | D:1      | Reached XP level 2. HP: 24/25 MP: 2/2
   971 | D:2      | Reached skill level 1 in Dodging
   995 | D:2      | You fall into a shaft and drop 2 floors!
   995 | D:4      | Found Zhao Yu's Dragon-Slaying Spoils.
  1018 | D:4      | Reached XP level 3. HP: 23/31 MP: 3/3
  1156 | D:4      | Noticed an orc warrior
  1190 | D:4      | Reached XP level 4. HP: 28/39 MP: 4/4
  1402 | D:2      | Got Leceaf's Omnibus of Hexing
  1499 | D:2      | Reached skill level 5 in Stealth
  2053 | D:3      | Found a hazy altar of Hepliaklqana.
  2130 | D:3      | Reached XP level 5. HP: 32/44 MP: 5/5
  2331 | D:3      | Found a large runed translucent door.
  2332 | D:3      | Found a large runed translucent door.
  2341 | D:3      | Found a shadowy altar of Dithmenos.
  2352 | D:3      | Found a radiant altar of Vehumet.
  2559 | D:3      | Found a white marble altar of Elyvilon.
  2630 | D:3      | Found a stormy altar of Qazlal.
  2712 | D:4      | Gained mutation: Your spells are a little harder to cast,
                  | but a little more powerful. [potion of mutation]
  2712 | D:4      | Gained mutation: Your body sometimes deteriorates upon
                  | taking damage. [potion of mutation]
  2712 | D:4      | Gained mutation: You possess an exceptional clarity of
                  | mind. [potion of mutation]
  2712 | D:4      | Gained mutation: Your muscles are strong. (Str +4, Int/Dex
                  | -1) [potion of mutation]
  2712 | D:4      | Gained mutation: You are partially covered in iridescent
                  | scales. (AC +2) [potion of mutation]
  3000 | D:4      | Reached skill level 1 in Armour
  3071 | D:4      | Reached XP level 6. HP: 26/53 MP: 6/6
  3265 | D:4      | Killed an orc warrior
  4020 | D:4      | Found a burning altar of Makhleb.
  4120 | D:4      | Reached XP level 7. HP: 55/60 MP: 7/7
  4542 | D:5      | Entered Level 5 of the Dungeon
  4592 | D:5      | Reached skill level 6 in Stealth
  5018 | D:5      | Noticed Pikel
  5067 | D:5      | Killed Pikel
  5068 | D:5      | Reached XP level 8. HP: 15/70 MP: 8/8
  5278 | D:5      | Found a shimmering blue altar of Sif Muna.
  5302 | D:5      | Found a blossoming altar of Fedhas.
  5638 | D:5      | Found a snail-covered altar of Cheibriados.
  5678 | D:5      | Reached skill level 7 in Stealth
  6091 | D:6      | Found a sacrificial altar of Ru.
  6203 | D:6      | Found a transporter.
  6208 | D:6      | Noticed a kobold demonologist
  6220 | D:6      | Found a transporter.
  6566 | D:6      | HP: 5/106 [orc priest/+0 dagger (4)]
  6573 | D:6      | Reached skill level 5 in Armour
  7237 | D:6      | Found a bloodstained altar of Trog.
  7245 | D:6      | Became a worshipper of Trog the Wrathful
  7377 | D:7      | Found an ancient bone altar of Kikubaaqudgha.
  7378 | D:7      | Noticed a purple ugly thing
  7379 | D:7      | Noticed a manticore
  7380 | D:7      | Noticed a manticore
  7382 | D:7      | Found a transporter.
  7395 | D:7      | Found an iron altar of Okawaru.
  7469 | D:6      | Reached XP level 9. HP: 37/77 MP: 9/9
  7617 | D:7      | Found a staircase to the Ecumenical Temple.
  7654 | D:7      | Noticed Joseph
  7683 | D:7      | Found a transporter.
  7766 | D:7      | Noticed Menkaure
  7775 | D:7      | Killed Menkaure
  7998 | D:7      | Found a hide-covered altar of Uskayaw.
  8147 | D:7      | HP: 1/78 [Joseph/+0 quarterstaff (7)]
  8412 | D:7      | Killed Joseph
  8413 | D:7      | Reached skill level 5 in Fighting
  8413 | D:7      | Reached skill level 5 in Short Blades
  8413 | D:7      | Reached skill level 5 in Throwing
  8743 | D:7      | Found a runed translucent door.
  8747 | D:7      | Found a shimmering altar of Xom.
  8747 | D:7      | Noticed Esekla's ghost (novice DENe)
  8748 | D:7      | Noticed a +1 hand axe of chaos
  8789 | D:7      | Found an opulent altar of Gozag.
  8790 | D:7      | Found a sparkling altar of Nemelex Xobeh.
  8878 | D:7      | Found a broken altar of Ashenzari.
  9075 | D:8      | Reached skill level 8 in Stealth
  9638 | D:8      | Reached * piety under Trog
 10027 | D:8      | Found a shimmering altar of Xom.
 10116 | D:8      | Found a glowing golden altar of the Shining One.
 10118 | D:8      | Noticed an angel
 10141 | D:8      | Found a basalt altar of Yredelemnul.
 10293 | D:9      | Noticed Psyche
 10320 | D:9      | Killed Psyche
 10321 | D:9      | Reached XP level 10. HP: 42/88 MP: 10/10
 10732 | D:9      | Found an ornate altar of the Wu Jian Council.
 10976 | D:9      | Reached skill level 9 in Stealth
 11236 | D:9      | Reached skill level 5 in Dodging
 11588 | D:9      | Reached ** piety under Trog
 11611 | D:9      | Found a glowing silver altar of Zin.
 11689 | D:10     | Entered Level 10 of the Dungeon
 11862 | D:10     | Noticed a two-headed ogre
 11891 | D:10     | Killed a two-headed ogre
 12078 | D:10     | Found a staircase to the Orcish Mines.
 12082 | D:10     | Reached skill level 10 in Stealth
 12082 | D:10     | Reached XP level 11. HP: 70/97 MP: 11/11
 12365 | D:10     | Noticed Maggie
 12382 | D:10     | Killed Maggie
 12918 | D:10     | Found a staircase to the Lair.
 13236 | D:11     | Noticed Josephine
 13250 | D:10     | Killed Josephine
 13656 | D:11     | Noticed Snorg
 13671 | D:11     | Killed Snorg
 14333 | D:11     | Noticed a boulder beetle
 14353 | D:11     | Killed a boulder beetle
 14493 | D:11     | Reached skill level 11 in Stealth
 14936 | D:12     | Noticed a boulder beetle
 14973 | D:12     | Killed a boulder beetle
 15296 | D:12     | Reached *** piety under Trog
 15376 | D:12     | Noticed a two-headed ogre
 15392 | D:12     | Noticed a centaur warrior
 15399 | D:12     | Killed a two-headed ogre
 15400 | D:12     | Reached XP level 12. HP: 21/108 MP: 12/12
 15741 | D:12     | HP: 5/163 [fire elemental[a deep elf pyromancer] (6)]
 15742 | D:12     | Killed from afar by a deep elf pyromancer

Illustrated notes

Levels and vault maps discovered:
D:1:      dpeg_arrival_water_fire, layout_basic,
          hellmonk_ecumenical_altar_arch_garden, serial_shops,
          nicolae_shop_stone, solitary_fountain
D:2:      layout_rooms
D:3:      layout_loops_cross, mainiacjoe_overflow_swirl,
          mainiacjoe_overflow_alcove_1, jmf_multi_god_temple2
D:4:      layout_rooms, makhleb_blood_cavern_becter, nicolae_shop_dragon_depot,
          grunt_ministairs_6, lexackson_kobold_supper
D:5:      layout_loops_ring, mainiacjoe_overflow_24_doors,
          lemuel_coloured_pillars_altar, mainiacjoe_overflow_surrounded_room,
          uniq_pikel
D:6:      gammafunk_wand_slinger, layout_loops_corners, lightli_temple_of_fire,
          mainiacjoe_overflow_cross_hatched
D:7:      hellmonk_destroyed_diamonds, layout_loops_ring,
          grunt_temple_overflow_opulence, gammafunk_temple_overflow_arena,
          okawaru_gym_becter, mainiacjoe_overflow_alcove_2, lemuel_round_altar,
          minmay_temple_entry_arrows, ebering_ghost_xom, uniq_menkaure,
          uniq_joseph
D:8:      layout_basic, grunt_temple_overflow_holy_war, general_overflow_altar
D:9:      layout_loops_cross, nicolae_wu_jian_wuxing_cycle, marbit_many_paths,
          grunt_ministairs_3, chequers_jeans, uniq_psyche
D:10:     layout_small_grid, grunt_lair_entry_orc_guard_hut,
          kennysheep_orc_monster_closet_entryway, dreamdust_gnoll_shepherd,
          uniq_maggie
D:11:     layout_roguey, uniq_snorg, uniq_josephine
D:12:     minmay_the_grid_octo_tiled_squarecenter [minmay_the_grid_octo_chip,
          minmay_the_grid_octo_vomiting_pacman, minmay_the_grid_octo_fan_narrow,
          minmay_the_grid_octo_checkerflower,
          minmay_the_grid_square_5x5_megaprize_crossed,
          minmay_the_grid_square_5x5_shuriken,
          minmay_the_grid_square_5x5_detours,
          minmay_the_grid_square_5x5_trominoes,
          minmay_the_grid_square_5x5_corner], layout_small_grid,
          minmay_unpleasant_kobolds, uniq_rupert, uniq_maurice

Skill      XL: |  1  2  3  4  5  6  7  8  9 10 11 |
---------------+----------------------------------+-----
Fighting       | 2 3 4 5 6 8 |  8.2
Short Blades   | 2 3 4 5 7 8 |  8.3
Throwing       | 2 3 4 5 7 8 |  8.3
Dodging        | 1 2 3 4 5 6 |  6.7
Stealth        | 5 6 7 8 10 11 | 11.5
Armour         | 1 2 4 5 |  5.0

Action                     |  1- 3 |  4- 6 |  7- 9 | 10-12 || total
---------------------------+-------+-------+-------+-------++-------
  Melee: Dagger            |    82 |   285 |   362 |       ||   729
         Tailslap          |    10 |    36 |    92 |   135 ||   273
         Punch             |       |     2 |    11 |    14 ||    27
         Short sword       |       |       |    80 |   620 ||   700
  Throw: Dart              |       |    43 |    46 |       ||    89
         Throwing net      |       |       |     4 |       ||     4
         Javelin           |       |       |     3 |       ||     3
         Boomerang         |       |       |    13 |     6 ||    19
 Invoke: Berserk           |       |       |     1 |    10 ||    11
         Trog's Hand       |       |       |       |     3 ||     3
  Evoke: Wand              |       |     1 |     8 |    15 ||    24
    Use: Scroll            |     7 |     3 |    13 |     4 ||    27
         Potion            |     3 |     4 |     8 |     2 ||    17
   Stab: Sleeping          |     4 |     9 |     5 |    10 ||    28
         Invisible         |       |       |     9 |       ||     9
 Armour: Robe              |    17 |       |       |       ||    17
         Ring mail         |     4 |   158 |   154 |   232 ||   548
         Skin              |       |       |     7 |       ||     7
  Dodge: Dodged            |    35 |   113 |   147 |   249 ||   544
